Map: Hard Lead LE

Players

ShuttleBoy

  • Race: Terran Terran
  • League: Platinum
  • Spawn Location: 11:00

Subwayeatn - Winner!

  • Race: Zerg Zerg
  • League: Platinum
  • Spawn Location: 5:00

VOD

Have the link to the VOD?

Description

Time

  • Played on: Nov. 10, 2023, 5:34 p.m.
  • Length: 20:34
Show
View Real Time Build Order
Export as new Build Order

ShuttleBoy Terran 

Build Orders: Reaper Expand, Hellion Banshee 

Get SALT Encoding   

  12  0:00  SCV  
  13  0:12  SCV  
  14  0:17  Supply Depot  
  14  0:24  SCV  
  15  0:38  SCV  
  15  0:40  Barracks  
  16  0:44  Refinery  
  16  0:50  SCV  
  17  1:03  SCV  
  18  1:15  SCV  
  19  1:27  Orbital Command, Reaper  
  20  1:39  Command Center  
  20  1:49  Supply Depot  
  20  1:53  SCV  
  21  2:01  Marine  
  22  2:08  SCV  
  23  2:14  Factory  
  23  2:19  Refinery  
  23  2:20  SCV  
  23  2:22  Barracks Reactor  
  24  2:52  Orbital Command  
  24  3:04  Starport  
  24  3:07  Barracks Tech Lab  
  24  3:19  Hellion x2  
  28  3:20  SCV x2  
  30  3:32  SCV  
  31  3:35  Barracks  
  31  3:36  Barracks  
  31  3:39  SCV  
  32  3:43  Hellion x2  
  32  3:44  SCV  
  36  3:55  Supply Depot  
  36  3:56  Supply Depot  
  36  4:00  SCV  
  37  4:07  Cloaking Field, Banshee, Hellion x2  
  37  4:08  SCV  
  45  4:11  Barracks Tech Lab  
  45  4:13  Barracks Reactor  
  45  4:15  SCV  
  46  4:25  Supply Depot  
  46  4:28  Hellion x2  
  50  4:33  SCV x2  
  50  4:36  Marine x2  
  54  4:45  SCV x2  
  56  4:49  Hellion  
  56  4:52  Banshee  
  61  4:55  Barracks Tech Lab x2  
  61  4:58  Marine x2  
  63  5:08  Command Center  
  63  5:31  Marine x2  
  63  5:32  Stimpack, Combat Shield  
  65  5:47  Siege Tank, Medivac  
  70  5:53  Refinery  
  70  5:54  Supply Depot  
  70  5:56  Supply Depot  
  70  6:06  Barracks  
  70  6:07  Barracks  
  70  6:15  SCV x2  
  70  6:17  Marine x2  
  74  6:19  Marine x2  
  76  6:28  SCV x2  
  78  6:38  Marine  
  78  6:39  Marine x2  
  81  6:41  Siege Tank  
  81  6:42  Medivac  
  81  6:43  SCV, Medivac  
  81  6:44  Orbital Command, SCV  
  88  7:06  Marine  
  88  7:07  Marine x2  
  88  7:08  Marine  
  92  7:09  Barracks Tech Lab, Barracks Reactor  
  92  7:13  Barracks Reactor, Siege Tank  
  92  7:15  SCV x2  
  97  7:20  Refinery  
  97  7:27  Marine x4  
  101  7:52  SCV x2  
  101  7:57  Supply Depot  
  97  8:03  Supply Depot x2  
  97  8:07  Engineering Bay  
  97  8:09  Engineering Bay  
  97  8:18  Marine x3, SCV  
  101  8:20  Supply Depot x2  
  101  8:25  Marauder, Viking x2, Marine x4, SCV x2  
  113  8:36  Marauder  
  113  8:37  SCV x2  
  110  8:54  Marine x6  
  110  8:55  Marauder, Medivac x2  
  116  8:56  Terran Infantry Armor Level 1, Terran Infantry Weapons Level 1  
  116  8:57  Missile Turret  
  116  8:58  Marauder  
  116  9:02  Missile Turret  
  115  9:04  Missile Turret  
  113  9:14  Factory Reactor  
  112  9:24  SCV x2  
  112  9:26  Missile Turret, Marine x3  
  112  9:27  Marine x3  
  112  9:28  Orbital Command  
  121  9:36  SCV  
  121  9:44  SCV  
  122  9:48  SCV  
  123  9:57  SCV x2  
  123  9:59  Command Center  
  125  10:00  SCV  
  125  10:06  Viking  
  125  10:07  Viking  
  130  10:08  Marine x3  
  130  10:14  Marauder  
  133  10:15  Marine, SCV x2  
  133  10:16  Missile Turret  
  132  10:33  SCV  
  133  10:38  Supply Depot  
  133  10:39  Supply Depot  
  133  10:40  Supply Depot  
  133  10:51  Factory x2  
  133  10:54  Armory  
  133  10:55  Armory  
  133  10:59  Refinery  
  133  11:00  Viking x2, SCV x3, Widow Mine x2  
  144  11:08  Marine x4  
  144  11:10  Hi-Sec Auto Tracking  
  148  11:12  SCV x2  
  150  11:24  Marine x2  
  152  11:26  SCV x2  
  152  11:27  Marine, SCV, Widow Mine  
  152  11:28  Marauder, Marine x3, Widow Mine  
  152  11:30  Medivac  
  167  11:39  SCV x2  
  169  11:43  SCV  
  169  11:45  Refinery  
  164  11:49  Widow Mine x2  
  164  11:51  Marine x2, SCV  
  171  12:08  Missile Turret  
  171  12:14  Missile Turret  
  171  12:16  Factory Tech Lab  
  171  12:19  Factory Tech Lab  
  171  12:22  Supply Depot x2  
  171  12:24  Terran Vehicle Weapons Level 1  
  171  12:25  Terran Vehicle And Ship Armor Level 1  
  171  12:26  Terran Infantry Armor Level 2, Terran Infantry Weapons Level 2  
  171  12:27  Marine  
  172  12:37  Sensor Tower  
  172  12:44  Marine x4, SCV x3, Medivac x2  
  183  12:56  SCV x3  
  188  13:12  Widow Mine  
  188  13:13  Widow Mine  
  188  13:27  Supply Depot  
  188  13:29  Supply Depot x2  
  188  13:46  SCV  
  188  13:49  Widow Mine, SCV, Medivac x2  
  188  13:50  Widow Mine  
  195  14:10  Widow Mine  
  195  14:12  Widow Mine  
  195  14:13  Supply Depot  
  195  14:15  Supply Depot, Planetary Fortress  
  195  14:16  Supply Depot  
  197  14:27  Thor  
  199  14:35  Thor  
  174  14:49  Marine x6  
  174  14:50  Marine x2  
  159  14:55  SCV x3, Widow Mine x2  
  166  15:07  Marine x5, SCV  
  166  15:08  Marauder  
  166  15:10  Thor  
  166  15:11  Medivac x2  
  184  15:18  Thor  
  190  15:23  Supply Depot  
  190  15:25  Supply Depot  
  190  15:28  Refinery, Supply Depot, Marine  
  190  15:29  Missile Turret, Marine x3  
  190  15:30  Terran Infantry Armor Level 3, Refinery, Terran Vehicle Weapons Level 2, Terran Infantry Weapons Level 3  
  190  15:31  Terran Vehicle And Ship Armor Level 2  
  194  15:38  Command Center  
  194  15:43  Command Center  
  194  15:49  SCV x2  
  196  15:55  Medivac x2  
  196  15:56  Sensor Tower  
  183  16:38  Thor  
  183  16:39  Marine x3  
  196  16:54  Widow Mine x2  
  196  17:13  Missile Turret, Sensor Tower  
  196  17:14  Missile Turret  
  198  17:16  Missile Turret  
  198  17:17  Widow Mine x2  
  200  17:27  Barracks  
  200  17:28  Barracks  
  196  17:30  Barracks  
  149  18:10  Thor, Widow Mine x2  
  149  18:11  Thor  
  155  18:13  Marine x8  
  163  18:25  Starport  
  163  18:26  Starport  
  163  18:31  Marine x3  
  163  18:32  Marauder x2  
  158  18:53  Marauder x2  
  162  18:56  Marine x6  
  162  18:58  Planetary Fortress  
  168  19:08  Barracks Tech Lab  
  168  19:09  Barracks Tech Lab x2  
  168  19:14  Marine x5  
  168  19:15  Marauder x2, SCV x3  
  168  19:16  Planetary Fortress  
  180  19:19  Refinery  
  180  19:20  Refinery  
  180  19:22  Engineering Bay  
  180  19:25  Engineering Bay  
  180  19:27  SCV  
  181  19:32  Command Center x2  
  181  19:33  Liberator  
  181  19:34  Liberator  
  181  19:36  Marauder x2, Viking, Starport Reactor  
  148  20:08  Marine x2  
  148  20:09  Marauder x3, Marine x2  
  133  20:22  Starport Reactor  
Show
View Real Time Build Order
Export as new Build Order

Subwayeatn Zerg - Winner!

Build Orders: Hatch First 

Get SALT Encoding   

  12  0:00  Drone  
  13  0:12  Overlord  
  13  0:16  Drone  
  14  0:30  Drone x2  
  16  0:52  Hatchery  
  16  0:56  Drone x2  
  17  0:58  Drone  
  17  1:02  Extractor  
  17  1:16  Spawning Pool  
  16  1:19  Drone  
  16  1:20  Drone  
  18  1:30  Drone  
  19  1:39  Drone  
  20  1:50  Overlord  
  20  2:03  Queen  
  20  2:04  Queen  
  20  2:06  Zergling x4  
  26  2:16  Metabolic Boost  
  26  2:21  Drone x2  
  29  2:22  Drone  
  29  2:26  Drone  
  30  2:38  Drone x2  
  32  2:54  Queen x2  
  36  2:58  Overlord  
  36  3:15  Overlord  
  36  3:21  Drone x6  
  36  3:26  Extractor  
  41  3:30  Extractor  
  40  3:37  Drone x4  
  44  3:51  Drone x2  
  46  3:57  Baneling Nest  
  45  4:06  Drone x5  
  45  4:08  Drone  
  51  4:13  Extractor  
  51  4:15  Drone x2  
  52  4:19  Overlord  
  52  4:21  Overlord  
  52  4:26  Lair  
  52  4:29  Overlord  
  52  4:32  Overlord  
  52  4:43  Queen  
  54  4:57  Drone x9  
  54  4:58  Hatchery, Evolution Chamber  
  54  4:59  Evolution Chamber  
  60  5:04  Overlord  
  60  5:06  Overlord  
  60  5:08  Zergling x4  
  62  5:18  Spine Crawler  
  62  5:19  Queen  
  62  5:20  Spine Crawler  
  61  5:25  Zerg Melee Weapons Level 1, Zerg Ground Armor Level 1  
  61  5:36  Drone x7  
  68  5:50  Pneumatized Carapace  
  68  5:51  Centrifugal Hooks  
  68  5:56  Spire  
  67  5:59  Drone x5  
  72  6:15  Overlord  
  72  6:17  Extractor x2  
  72  6:18  Zergling x2  
  71  6:20  Zergling x2  
  71  6:23  Zergling x2  
  73  6:26  Queen  
  73  6:32  Overlord  
  75  6:33  Drone x2  
  75  6:34  Drone x5  
  82  7:01  Overseer  
  72  7:09  Zergling x4  
  72  7:10  Zergling x6  
  72  7:11  Zergling x12  
  72  7:14  Zerg Flyer Weapons Level 1  
  77  7:21  Queen x3  
  79  7:26  Drone x2  
  79  7:27  Drone  
  79  7:28  Drone x2  
  83  7:38  Drone x2  
  83  7:39  Drone  
  83  7:44  Zerg Melee Weapons Level 2, Zerg Ground Armor Level 2  
  84  7:47  Drone x2  
  84  7:48  Drone x4  
  84  7:51  Drone x3  
  89  7:57  Queen  
  89  7:58  Zergling x2  
  89  8:14  Mutalisk  
  89  8:15  Mutalisk x11  
  111  8:34  Overlord  
  111  8:35  Overlord x4  
  100  8:52  Queen  
  98  8:56  Mutalisk x10  
  118  9:04  Drone  
  118  9:05  Drone x2  
  118  9:06  Drone, Extractor  
  119  9:22  Zerg Flyer Weapons Level 2  
  119  9:23  Overlord x2  
  119  9:24  Overlord  
  119  9:28  Queen  
  119  9:30  Zergling x12  
  127  9:38  Queen x2  
  129  9:44  Overseer  
  129  9:45  Overseer  
  131  9:48  Zergling x8  
  135  9:55  Hatchery  
  135  9:57  Extractor  
  135  9:58  Baneling  
  135  9:59  Baneling x13  
  132  10:14  Zergling x2  
  132  10:18  Zergling x2  
  132  10:19  Zergling x26  
  147  10:38  Overlord x3, Infestation Pit  
  147  10:42  Overlord x3  
  146  11:00  Zergling x18  
  146  11:02  Baneling  
  146  11:03  Baneling x5  
  146  11:04  Baneling x17  
  155  11:08  Drone  
  155  11:09  Drone x3  
  159  11:14  Zergling x2  
  159  11:18  Zergling x2  
  161  11:33  Drone x11  
  161  11:36  Spore Crawler  
  161  11:38  Spine Crawler  
  170  11:53  Spore Crawler  
  169  11:55  Drone x13  
  169  11:56  Spore Crawler  
  169  11:57  Spore Crawler  
  169  11:58  Extractor  
  179  12:03  Queen  
  179  12:06  Hive  
  181  12:11  Zergling x2  
  181  12:14  Corruptor x4  
  181  12:15  Corruptor x3  
  196  12:33  Drone  
  196  12:34  Drone x2  
  199  12:38  Zerg Flyer Armor Level 1  
  196  13:10  Zergling x6  
  192  13:54  Hatchery  
  191  13:55  Extractor x2  
  157  14:51  Zergling x10  
  157  14:52  Zergling x58  
  182  14:53  Zergling x22  
  189  15:17  Queen  
  190  15:35  Baneling  
  190  15:36  Baneling x16  
  190  15:37  Baneling x5  
  190  15:38  Overlord, Baneling x11  
  190  15:39  Overlord x4  
  190  15:40  Overseer x2, Spine Crawler x3  
  190  15:42  Overseer  
  187  15:43  Zerg Flyer Weapons Level 3, Spore Crawler x2  
  187  15:44  Adrenal Glands  
  187  15:49  Ultralisk Cavern  
  184  15:55  Drone x6  
  184  15:56  Drone  
  184  15:57  Spine Crawler  
  190  15:58  Spine Crawler  
  190  16:03  Zerg Melee Weapons Level 3  
  189  16:04  Zerg Ground Armor Level 3  
  128  16:33  Zergling x2  
  128  16:34  Zergling x36  
  147  16:40  Infestor x4  
  147  16:43  Infestor  
  147  16:45  Zergling x2  
  147  16:46  Ultralisk x2  
  182  16:47  Ultralisk x4  
  182  16:50  Zergling x2  
  182  16:51  Zergling x8  
  182  16:53  Baneling x4  
  182  16:54  Baneling x29  
  199  16:55  Baneling x5  
  199  16:59  Chitinous Plating  
  199  17:10  Extractor  
  199  17:13  Hatchery  
  199  17:14  Spine Crawler  
  196  17:15  Extractor  
  192  17:38  Ultralisk  
  192  17:39  Zergling x2  
  192  17:40  Zergling x2  
  172  18:12  Ultralisk x2  
  190  18:13  Ultralisk x2  
  190  18:15  Zergling x8  
  190  18:17  Anabolic Synthesis  
  190  18:18  Hatchery  
  168  19:06  Ultralisk x4  
  168  19:07  Zergling x4  
  168  19:08  Zergling x12  
  200  19:35  Overseer  
Tags
 
Add a new tag
Caveats
  • Supply blocks, unpowered buildings, or Contaminate may cause inaccurate times.
  • Supply counts are checked every 10 seconds.